 Dungeon Crawl Stone Soup version 0.25-a0-547-g27a0b5d1ef (webtiles) character file.

Game seed: 11948568121095252314, levelgen mode: deterministic

42 Freyura the Cudgeler (level 3, -7/28 HPs)
             Began as a Demonspawn Gladiator on Feb 22, 2020.
             Killed from afar by Terence (10 damage)
             ... with a puff of flame
             ... on level 2 of the Dungeon.
             The game lasted 00:02:28 (985 turns).

Freyura the Cudgeler (Demonspawn Gladiator)          Turns: 985, Time: 00:02:28

Health: -7/28      AC:  4    Str: 14    XL:     3   Next: 35%
Magic:  0/3        EV: 13    Int:  9    God:
Gold:   94         SH:  0    Dex: 15    Spells: 2/2 levels left

rFire    . . .     SeeInvis .   l - +0 mace
rCold    . . .     Gourm    .   (no shield)
rNeg     . . .     Faith    .   b - +0 leather armour
rPois    .         Spirit   +   c - +0 helmet
rElec    .         Reflect  .   (no cloak)
rCorr    .         Harm     .   (no gloves)
MR       .....                  (no boots)
Stlth    +.........             (no amulet)
HPRegen  0.09/turn              j - ring of wizardry
MPRegen  0.08/turn              (no ring)

@: no status effects
A: magic shield
a: no special abilities


You were on level 2 of the Dungeon.
You were not hungry.

You visited 1 branch of the dungeon, and saw 2 of its levels.

You collected 94 gold pieces.

Inventory:

Hand Weapons
 a - a +0 flail
 l - a +0 mace (weapon)
Missiles
 d - 3 throwing nets (quivered)
Armour
 b - a +0 leather armour (worn)
 c - a +0 helmet (worn)
 r - a +0 tower shield
Jewellery
 j - a ring of wizardry (left hand)
Scrolls
 e - a scroll of teleportation {unknown}
 g - 3 scrolls of identify {unknown}
 i - 2 scrolls of remove curse {unknown}
 m - a scroll of enchant weapon {unknown}
 n - a scroll of random uselessness {unknown}
Potions
 h - 3 potions of curing {unknown}
 k - a potion of cancellation {unknown}
 o - a potion of stabbing {unknown}
 p - a potion of flight {unknown}
 q - a potion of brilliance {unknown}
Comestibles
 f - 2 rations


   Skills:
 + Level 2.4 Fighting
 * Level 3.2 Maces & Flails
 - Level 1.7 Throwing
 + Level 0.9 Armour
 + Level 3.0 Dodging
 + Level 0.3 Shields


You had 2 spell levels left.
You didn't know any spells.
Your spell library was empty.

Dungeon Overview and Level Annotations

Branches:
Dungeon (2/15)

Altars:

Annotations:
D:2 Terence


Innate Abilities, Weirdness & Mutations

When hurt, damage is shared between your health and your magic reserves.


Message History

Terence is heavily wounded.
Terence barely misses you.
You barely miss Terence.
Terence is heavily wounded.
Terence barely misses you.
You hit Terence but do no damage.
Terence is heavily wounded.
Terence closely misses you.
You hit Terence.
Terence is severely wounded.
Terence closely misses you.
You hit Terence.
Terence is severely wounded.
Terence zaps a wand.
The puff of flame hits you!
You closely miss Terence.
Terence is severely wounded.
Terence hits you with a +0 flail!
* * * LOW HITPOINT WARNING * * *
Terence zaps a wand.
The puff of flame hits you!
You die...

##########.#
#......@@..#
#.##########
#.#<..# ##
#.#...#..
#.##..#.# #
#.##.##.# .^.
#.......#....
#####.........
#....(........


You could see Terence.

Vanquished Creatures
  A gnoll (D:1)
  An adder (D:2)
  2 oozes (D:1)
  A dart slug (D:1)
  A giant cockroach (D:1)
  3 goblins (D:1)
  2 frilled lizards (D:1)
  2 kobolds (D:1)
  4 rats (D:1)
17 creatures vanquished.

Notes
Turn   | Place    | Note
-------+----------+-------------------------------------------
     0 | D:1      | Freyura the Demonspawn Gladiator began the quest for the
                  | Orb.
     0 | D:1      | Reached XP level 1. HP: 16/16 MP: 1/1
   292 | D:1      | Gained mutation: When hurt, damage is shared between your
                  | health and your magic reserves. [demonic ancestry]
   292 | D:1      | Reached XP level 2. HP: 22/22 MP: 2/2
   502 | D:1      | Reached XP level 3. HP: 3/28 MP: 0/3
   972 | D:2      | Noticed Terence
   985 | D:2      | Killed from afar by Terence

Levels and vault maps discovered:
D:1:      giann_bridges, layout_loops_ring, st_stairs_11,
          minmay_stone_trees_small
D:2:      layout_basic, okawaru_metal_pillars_1_2, first_ration, uniq_jessica,
          uniq_sigmund, uniq_terence

Skill      XL: |  1  2  3 |
---------------+----------+-----
Maces & Flails | 3 |  3.2
Dodging        | 3 |  3.0
Fighting       | |  2.4
Throwing       | |  1.7
Armour         | |  0.9
Shields        | |  0.3

Action                   || total
-------------------------++-------
Melee: Flail             ||     6
       Mace              ||    48
Armor: Leather armour    ||    10
Dodge: Dodged            ||    32

Table legend:
 A = Non-vault XP
 B = Vault XP
 C = Vault XP percentage of total XP
 D = Non-vault monster count
 E = Vault monster count
 F = Vault count percentage of total count
                 A         B        C        D         E       F
            +---------+---------+-------+---------+---------+-------
      Total |      50 |      11 |  18.0 |      12 |       5 |  29.4
            +---------+---------+-------+---------+---------+-------
        D:1 |      36 |      11 |  23.4 |      11 |       5 |  31.2
        D:2 |      14 |       0 |   0.0 |       1 |       0 |   0.0
            +---------+---------+-------+---------+---------+-------
